 Dungeon Crawl Stone Soup version 0.26-a0-1132-ge9770dfcb6 (webtiles) character file.

Game seed: 8836411672785205704

543 WaxSun the Skirmisher (level 7, -6/70 HPs)
             Began as an Ogre Artificer on Dec 20, 2020.
             Killed from afar by Ijyb (17 damage)
             ... with a bolt of acid
             ... on level 5 of the Dungeon.
             The game lasted 00:11:28 (4712 turns).

WaxSun the Skirmisher (Ogre Artificer)              Turns: 4712, Time: 00:11:30

Health: -6/70      AC: -4    Str: 18    XL:     7   Next: 27%
Magic:  7/7        EV:  8    Int: 18    God:
Gold:   317        SH:  7    Dex: 10    Spells: 6/6 levels left

rFire    . . .     SeeInvis .   a - +2 whip (vamp)
rCold    . . .     Faith    .   v - +0 kite shield
rNeg     . . .     Spirit   .   b - +0 robe
rPois    .         Reflect  .   (helmet restricted)
rElec    .         Harm     .   o - +0 cloak
rCorr    .         Rampage  .   (gloves unavailable)
Will     +....                  (boots unavailable)
Stlth    +.........             g - amulet of regeneration
HPRegen  0.61/turn              s - +6 ring of intelligence
MPRegen  0.10/turn              i - ring of willpower

@: about to teleport, corroded
A: large, unfitting armour, tough skin 1
a: no special abilities


You were on level 5 of the Dungeon.
You visited 1 branch of the dungeon, and saw 5 of its levels.

You collected 317 gold pieces.

Inventory:

Hand Weapons
 a - a +2 vampiric whip (weapon)
Missiles
 x - a throwing net
Armour
 b - a +0 robe (worn)
 o - a +0 cloak (worn)
 v - a +0 kite shield (worn)
Jewellery
 g - an amulet of regeneration (around neck)
 i - a ring of willpower (right hand)
 s - a +6 ring of intelligence (left hand)
 y - a cursed -4 ring of strength {unknown}
 B - an uncursed ring of wizardry
Wands
 c - a wand of flame (4) (quivered)
 d - a wand of enslavement (13)
 e - a wand of random effects (22)
 A - a wand of iceblast (4)
Scrolls
 h - 3 scrolls of fog {unknown}
 j - a scroll of fear
 k - 5 scrolls of teleportation
 l - a scroll of enchant armour {unknown}
 q - 4 scrolls of remove curse
 w - 4 scrolls of enchant weapon
 C - a scroll of identify
Potions
 f - a potion of might {unknown}
 m - a potion of resistance {unknown}
 n - a potion of heal wounds {unknown}
 p - 2 potions of curing
 r - a potion of degeneration {unknown}
 t - a potion of flight {unknown}
 u - 2 potions of mutation
 z - a potion of haste {unknown}


   Skills:
 + Level 4.1 Fighting
 * Level 3.8 Maces & Flails
 + Level 3.5 Dodging
 - Level 0.6 Stealth
 + Level 1.8 Shields
 + Level 0.4 Invocations
 + Level 3.5 Evocations


You had 6 spell levels left.
You didn't know any spells.
Your spell library contained the following spells:

 Spells                   Type           Power        Failure   Level
 Animate Skeleton         Necr           0%           71%         1
 Beastly Appendage        Tmut           0%           71%         1
 Pain                     Necr           0%           71%         1
 Wereblood                Tmut           0%           83%         2
 Spider Form              Tmut/Pois      0%           97%         3
 Vampiric Draining        Necr           0%           97%         3
 Animate Dead             Necr           0%           100%        4
 Ice Form                 Ice/Tmut       0%           100%        4
 Agony                    Necr           0%           100%        5
 Blade Hands              Tmut           0%           100%        5


Dungeon Overview and Level Annotations

Branches:
Dungeon (5/15)
 Temple: D:4-7

Altars:
Fedhas
Nemelex Xobeh
Qazlal
Ru
Trog
Uskayaw
Wu Jian

Annotations:
D:5 Ijyb


Innate Abilities, Weirdness & Mutations

You are too large for most types of armour.
You have tough skin. (AC +1)


Message History

Aiming: Random Effects
Press: ? - help, Shift-Dir - straight line, f - Ijyb
Aim: Ijyb, wielding a +0 short sword, wearing a +0 leather armour and carrying a wand of acid (4)
The puff of frost hits Ijyb!
Ijyb is heavily wounded.
You block Ijyb's attack.
Evoke which item? (* to show all) (? for menu, Esc to quit)
Aiming: Random Effects
Press: ? - help, Shift-Dir - straight line, f/p - Ijyb
Aim: Ijyb, wielding a +0 short sword, wearing a +0 leather armour and carrying a wand of acid (4) (heavily wounded)
The bolt of negative energy misses Ijyb.
Ijyb zaps a wand.
The bolt of acid hits you!
* * * LOW HITPOINT WARNING * * *
You are splashed with acid!
* * * LOW HITPOINT WARNING * * *
You feel better. Ijyb hits you with a +0 short sword.
* * * LOW HITPOINT WARNING * * *
As you read the scroll of teleportation, it crumbles to dust.
You feel strangely unstable.
Ijyb zaps a wand.
The bolt of acid hits you!
You die...

##..#.......#### #.# #.......
###.#.##.##....# #.#####......#
..#.#.#...'[...# #....##..#...#
......#..##....#####.##.##......#
###...#..######....#.##..........
......#.......#....#...........##
####.###'####.#....#.....##...#.#
#..#...# #.'....#.###.##.#...#
#####.#...# ###g@..#.# #.######.#
..........# #..?.(.# #.######.#
####.#....# #####..###.....##.#
####'#...## #..#..........#
#.....#..# ####..........##.#
#.......># #..........##.##.#
#......### ###..(#.#####....#
#......# #...#.######.#.#
#.....## #.....##...).#.#


You could see Ijyb.

Vanquished Creatures
  Sigmund (D:5)
  A scorpion (D:4)
  A jelly (D:5)
  A centaur skeleton (D:4)
  An iguana (D:5)
  4 worker ants
  Robin (D:3)
  A gnoll (D:1)
  3 adders
  A shadow imp (D:5)
  2 oozes (D:2)
  2 dart slugs (D:1)
  4 worms
  6 leopard geckos
  An orc (D:4)
  A ball python (D:5)
  3 giant cockroaches
  5 goblins
  8 hobgoblins
  6 jackals
  10 bats
  10 frilled lizards
  A jackal skeleton (D:4)
  A jackal zombie (D:5)
  7 kobolds
  2 quokka skeletons
  3 rats
87 creatures vanquished.

Vanquished Creatures (collateral kills)
  2 goblins (D:3)
2 creatures vanquished.

Vanquished Creatures (others)
  A goblin (D:1)
1 creature vanquished.

Grand Total: 90 creatures vanquished

Notes
Turn   | Place    | Note
-------+----------+-------------------------------------------
     0 | D:1      | WaxSun the Ogre Artificer began the quest for the Orb.
     0 | D:1      | Reached XP level 1. HP: 19/19 MP: 1/1
   503 | D:1      | Reached XP level 2. HP: 25/28 MP: 2/2
   662 | D:1      | Reached skill level 1 in Maces & Flails
   664 | D:1      | Reached skill level 2 in Fighting
   664 | D:1      | Reached XP level 3. HP: 13/35 MP: 3/3
  2036 | D:2      | Reached XP level 4. HP: 41/44 MP: 4/4
  2641 | D:3      | Noticed Robin
  2672 | D:3      | Killed Robin
  2883 | D:3      | Reached XP level 5. HP: 46/52 MP: 5/5
  2998 | D:3      | Found a sacrificial altar of Ru.
  3083 | D:3      | Reached skill level 3 in Fighting
  3445 | D:4      | Found an ornate altar of the Wu Jian Council.
  3445 | D:4      | Found a bloodstained altar of Trog.
  3445 | D:4      | Found a hide-covered altar of Uskayaw.
  3447 | D:4      | Found a sparkling altar of Nemelex Xobeh.
  3619 | D:4      | Found a stormy altar of Qazlal.
  3744 | D:4      | Reached skill level 1 in Shields
  3744 | D:4      | Reached XP level 6. HP: 26/61 MP: 6/6
  3815 | D:4      | Found a blossoming altar of Fedhas.
  4121 | D:5      | Entered Level 5 of the Dungeon
  4257 | D:5      | Noticed Sigmund
  4259 | D:5      | Killed Sigmund
  4260 | D:5      | Reached skill level 4 in Fighting
  4260 | D:5      | Reached XP level 7. HP: 64/70 MP: 7/7
  4702 | D:5      | Noticed Ijyb
  4712 | D:5      | Killed from afar by Ijyb

Illustrated notes

Levels and vault maps discovered:
D:1:      tarquinn_simple_flora_water_d, layout_basic, hex_medium,
          serial_bayou_pond_e, minmay_surrounded
D:2:      layout_basic, minivault_5
D:3:      layout_basic, nicolae_ru_path_of_blood, uniq_robin
D:4:      layout_rooms, lemuel_coloured_pillars_altar,
          grunt_temple_overflow_open, fedhas_ov_isle_minmay
D:5:      layout_basic, uniq_ijyb, uniq_sigmund

Skill      XL: |  1  2  3  4  5  6 |
---------------+-------------------+-----
Maces & Flails | 1 2 3 |  3.8
Fighting       | 2 3 4 |  4.1
Evocations     | 3 |  3.5
Dodging        | 3 |  3.5
Shields        | 1 |  1.8
Stealth        | |  0.6
Invocations    | |  0.4

Action                   |  1- 3 |  4- 6 |  7- 9 || total
-------------------------+-------+-------+-------++-------
Melee: Club              |    75 |       |       ||    75
       Whip              |    90 |   246 |    42 ||   378
Evoke: Wand              |     6 |    12 |     2 ||    20
  Use: Scroll            |       |     8 |     1 ||     9
       Potion            |       |       |     1 ||     1
 Stab: Sleeping          |       |     2 |       ||     2
       Confused          |       |     1 |       ||     1
Armor: Robe              |    65 |    77 |     4 ||   146
Dodge: Dodged            |   113 |   100 |    18 ||   231
Block: Kite shield       |       |    39 |    14 ||    53

Table legend: (Time is in decaauts)
 A = Elapsed time spent in this place.
 B = Non-inter-level travel time spent in this place.
 C = Inter-level travel time spent in this place.
 D = Time resting spent in this place.
 E = Time spent auto-exploring this place.
 F = Levels seen in this place.
 G = Mean time per level.
                   A        B        C        D        E       F      G
               +--------+--------+--------+--------+--------+-----+--------+
         Total |   4735 |   4614 |    121 |      0 |   3657 |   5 |  947.0 |
       Dungeon |   4735 |   4614 |    121 |      0 |   3657 |   5 |  947.0 |
               +--------+--------+--------+--------+--------+-----+--------+

Top non-repeatable levels by time:
     D:1: 1772 daAuts
     D:3: 884 daAuts
     D:2: 779 daAuts
     D:4: 708 daAuts
     D:5: 589 daAuts
